Map: Blackburn LE

Players

Astrea - Winner!

  • Race: Protoss Protoss

MaSa

  • Race: Terran Terran

Event: DreamHack SC2 Masters 2021 Winter

VOD

Have the link to the VOD?

Description

Time

  • Played on: Oct. 9, 2021, 5:40 p.m.
  • Length: 7:47

All games in this series

Show
View Real Time Build Order
Export as new Build Order

Astrea Protoss - Winner!

Build Orders: Phoenix Opening 

Get SALT Encoding   

  12  0:00  Probe  
  13  0:12  Probe  
  14  0:17  Pylon  
  14  0:24  Probe (Chrono Boost)  
  16  0:36  Probe (Chrono Boost)  
  16  0:37  Gateway  
  16  0:42  Probe (Chrono Boost)  
  16  0:46  Assimilator  
  17  0:51  Probe  
  18  1:03  Probe  
  19  1:15  Probe  
  20  1:24  Cybernetics Core  
  20  1:25  Zealot  
  22  1:27  Probe  
  23  1:35  Pylon  
  23  1:51  Nexus  
  23  1:53  Probe  
  24  1:58  Adept (Chrono Boost)  
  26  2:07  Assimilator  
  26  2:08  Probe  
  26  2:20  Probe  
  27  2:31  Adept (Chrono Boost), Stargate  
  27  2:32  Probe  
  30  2:44  Probe  
  30  2:45  Warp Gate  
  30  2:46  Pylon  
  31  3:03  Probe  
  31  3:05  Probe  
  33  3:13  Probe  
  33  3:14  Phoenix (Chrono Boost)  
  33  3:15  Probe  
  37  3:21  Probe  
  38  3:27  Probe  
  38  3:32  Probe  
  40  3:38  Phoenix  
  40  3:39  Probe  
  41  3:44  Probe  
  41  3:47  Gateway  
  42  3:48  Gateway  
  42  3:51  Probe  
  43  3:56  Probe  
  44  4:03  Phoenix (Chrono Boost), Probe  
  44  4:04  Pylon  
  44  4:07  Adept  
  44  4:08  Probe  
  50  4:15  Probe  
  51  4:20  Probe  
  51  4:22  Phoenix (Chrono Boost)  
  54  4:27  Probe  
  55  4:32  Pylon  
  55  4:33  Probe  
  56  4:39  Probe  
  56  4:40  Phoenix (Chrono Boost)  
  60  4:47  Adept  
  60  4:50  Adept  
  60  4:51  Adept  
  65  4:53  Nexus  
  65  4:56  Assimilator  
  65  4:58  Probe  
  65  4:59  Probe  
  67  5:09  Pylon  
  67  5:10  Probe  
  67  5:12  Forge  
  69  5:16  Twilight Council  
  69  5:17  Assimilator  
  69  5:18  Probe  
  69  5:23  Pylon  
  69  5:29  Probe  
  69  5:33  Probe  
  61  5:36  Protoss Ground Armor Level 1 (Chrono Boost)  
  61  5:41  Probe, Charge (Chrono Boost)  
  58  5:44  Phoenix  
  58  5:45  Probe  
  61  5:53  Probe  
  62  6:01  Gateway  
  62  6:02  Gateway  
  62  6:04  Gateway  
  62  6:06  Gateway x2  
  62  6:09  Sentry  
  64  6:14  Shield Battery  
  66  6:22  Zealot x2  
  70  6:29  Phoenix  
  70  6:32  Zealot  
  72  6:35  Shield Battery  
  72  6:36  Shield Battery  
  72  6:42  Zealot x2  
  72  6:44  Pylon  
  76  6:53  Pylon  
  76  6:55  Pylon  
  76  6:57  Phoenix  
  76  7:01  Zealot x5  
  86  7:06  Zealot  
  90  7:10  Pylon  
  88  7:22  Zealot x5  
  94  7:38  Zealot  
Show
View Real Time Build Order
Export as new Build Order

MaSa Terran 

Build Orders:  

Get SALT Encoding   

  12  0:00  SCV  
  13  0:12  SCV  
  14  0:17  Supply Depot  
  14  0:24  SCV  
  15  0:38  SCV  
  15  0:39  Barracks  
  16  0:45  Refinery  
  16  0:51  Refinery  
  16  0:54  SCV  
  17  1:06  SCV  
  18  1:19  SCV  
  19  1:26  Reaper  
  19  1:31  Orbital Command  
  20  1:47  Supply Depot, Factory  
  20  1:56  SCV  
  21  2:09  SCV  
  22  2:15  Barracks Reactor  
  22  2:21  SCV  
  23  2:31  Command Center  
  23  2:33  SCV  
  23  2:36  Starport  
  24  2:43  Factory Tech Lab  
  24  2:45  SCV  
  25  2:52  Marine x2  
  25  2:57  SCV  
  28  3:04  Cyclone  
  31  3:12  Supply Depot  
  31  3:25  SCV  
  31  3:26  Supply Depot  
  30  3:37  SCV  
  30  3:39  Siege Tank, Marine  
  30  3:40  Marine  
  35  3:44  Medivac  
  37  3:49  SCV  
  38  3:57  Marine x2  
  38  3:59  Barracks  
  38  4:01  SCV  
  41  4:10  Barracks  
  41  4:13  SCV  
  41  4:16  Orbital Command  
  42  4:19  Starport Reactor  
  42  4:21  Marine  
  42  4:24  Marine  
  43  4:29  SCV  
  45  4:40  Marine  
  45  4:41  SCV  
  45  4:42  Marine  
  45  4:44  SCV  
  49  4:46  Factory Tech Lab  
  49  4:51  Refinery  
  49  4:53  SCV  
  49  4:58  Marine  
  49  4:59  Marine  
  51  5:01  Combat Shield, Marine  
  51  5:04  Marine x2  
  55  5:08  SCV  
  55  5:10  SCV  
  56  5:16  Siege Tank, Marine  
  56  5:17  Supply Depot, Marine  
  56  5:19  Marine  
  62  5:29  Viking  
  62  5:31  SCV  
  62  5:35  SCV, Marine x2  
  61  5:44  Marine x2  
  61  5:45  Marine  
  64  5:52  SCV  
  64  5:53  SCV  
  64  5:54  Marine  
  64  5:55  Supply Depot, Marine  
  68  6:03  Viking  
  70  6:06  Supply Depot  
  70  6:17  SCV x2, Marine x3  
  75  6:20  Marine x2  
  75  6:29  SCV, Siege Tank  
  79  6:34  Marine x3  
  82  6:41  Marine x2  
  84  6:51  SCV  
  84  6:52  Marine  
  86  6:58  Marine x2  
  86  6:59  Supply Depot, Engineering Bay  
  88  7:01  Siege Tank  
  88  7:02  Marine x2  
  88  7:05  Medivac  
  93  7:10  Marine  
  94  7:18  Marine x2  
  94  7:19  Marine  
  94  7:22  Marine  
  89  7:28  Bunker, Marine  
  89  7:30  Bunker  

Tags
 
Add a new tag
Caveats
  • Supply blocks, unpowered buildings, or Contaminate may cause inaccurate times.
  • Supply counts are checked every 10 seconds.